 Dungeon Crawl Stone Soup version 0.26-a0-259-g1effd001a9 (webtiles) character file.

Game seed: 10022461802024984090

2482 HoaS the Grappler (level 9, -7/59 HPs)
             Began as a Gargoyle Gladiator on July 13, 2020.
             Was a Believer of Makhleb.
             Mangled by an orc warrior
             ... wielding a +0 flail
              (11 damage)
             ... on level 7 of the Dungeon.
             The game lasted 00:18:26 (6681 turns).

HoaS the Grappler (Gargoyle Gladiator)              Turns: 6681, Time: 00:18:27

Health: -7/59      AC: 21    Str: 21    XL:     9   Next: 51%
Magic:  9/9        EV:  6    Int:  9    God:    Makhleb [**....]
Gold:   282        SH:  0    Dex: 11    Spells: 8/8 levels left

rFire    . . .     SeeInvis .     - Unarmed
rCold    . . .     Faith    .   (no shield)
rNeg     + . .     Spirit   .   f - +0 plate armour
rPois    ∞         Reflect  .   b - +0 helmet
rElec    +         Harm     .   c - +2 cloak
rCorr    +                      l - +0 pair of gloves
MR       .....                  (no boots)
Stlth    ..........             (no amulet)
HPRegen  0.19/turn              (no ring)
MPRegen  0.11/turn              t - ring of resist corrosion

@: no status effects
A: negative energy resistance 1, electricity resistance, unbreathing,
petrification resistance, rot immunity, AC +6
a: Minor Destruction, Renounce Religion


You were on level 7 of the Dungeon.
You worshipped Makhleb.
Makhleb was pleased with you.
You were not hungry.

You visited 1 branch of the dungeon, and saw 7 of its levels.

You collected 282 gold pieces.

Inventory:

Missiles
 p - 19 poisoned darts (quivered)
Armour
 b - a +0 helmet (worn)
 c - a +2 cloak (worn)
 f - a +0 plate armour (worn)
 l - a +0 pair of gloves (worn)
Jewellery
 t - a ring of resist corrosion (right hand)
Wands
 a - a wand of disintegration (11)
 s - a wand of flame (6)
Scrolls
 g - a scroll of remove curse
 k - 3 scrolls of identify
Potions
 h - 3 potions of heal wounds
 i - a potion of brilliance {unknown}
 j - 4 potions of curing
 m - 5 potions of resistance
 n - a potion of ambrosia {unknown}
 o - 3 potions of lignification {unknown}
 q - a potion of flight {unknown}
 r - 2 potions of degeneration {unknown}
Comestibles
 d - 15 rations


   Skills:
 + Level 8.2 Fighting
 - Level 1.7 Throwing
 - Level 2.4 Dodging
 * Level 10.6 Unarmed Combat


You had 8 spell levels left.
You didn't know any spells.
Your spell library was empty.

Dungeon Overview and Level Annotations

Branches:
Dungeon (7/15)             Temple (0/1) D:4

Altars:
Ashenzari
Makhleb
Sif Muna
Vehumet
The Shining One


Innate Abilities, Weirdness & Mutations

You are resistant to torment.
Your stone body is resilient. (AC +6)
You are immune to poison.
You resist negative energy. (rN+)
You are resistant to electric shocks. (rElec)
You can survive without breathing.
You are immune to petrification.
You are immune to rotting.


Message History

The orc priest is severely wounded.
The orc priest hits you with a +0 mace.
* * * LOW HITPOINT WARNING * * *
You punch the orc priest!
You kill the orc priest!
Makhleb accepts your kill.
You feel better. The orc warrior barely misses you.
Your plate armour prevents you from hitting the orc warrior.
The orc warrior is moderately wounded.
The orc warrior hits you but does no damage.
You hit the orc warrior but do no damage.
The orc warrior is moderately wounded.
You completely miss the orc warrior.
The orc warrior is moderately wounded.
The orc warrior hits you with a +0 flail.
* * * LOW HITPOINT WARNING * * *
You closely miss the orc warrior.
The orc warrior is moderately wounded.
The orc warrior hits you with a +0 flail!
You die...

##.# #.# ..#
.. ..# .# #.
##..# ##..
.#..# ... ##.
o.# #..#..
..####+
#..#.##.......
#....).).....)
##.#@##.#.....
.####..o.#...
...
........[#####
# ########.#
#.# #.# ###.#
#<†.# #####


You could see an orc warrior.

Vanquished Creatures
  Pikel (D:7)
  2 orc warriors
  2 ice beasts (D:5)
  A phantom (D:5)
  3 ogres
  A centaur (D:5)
  3 bullfrogs
  A scorpion (D:5)
  2 bullfrog zombies
  4 hounds
  Crazy Yiuf (D:3)
  3 orc priests
  Ijyb (D:3)
  7 orc wizards
  An iguana (D:6)
  3 worker ants
  A hound skeleton (D:4)
  Robin (D:3)
  5 gnolls
  A howler monkey skeleton (D:6)
  11 adders
  2 shadow imps
  2 white imps
  2 ufetubi (D:6)
  An adder zombie (D:5)
  An adder skeleton (D:6)
  A worm (D:3)
  A dart slug (D:3)
  3 leopard geckos
  23 orcs
  7 bats
  6 giant cockroaches
  19 goblins
  9 hobgoblins
  4 jackals
  7 kobolds
  A quokka (D:4)
  4 ball pythons
  6 frilled lizards
  2 quokka skeletons
  8 rats
  A fungus (D:3)
165 creatures vanquished.

Notes
Turn   | Place    | Note
-------+----------+-------------------------------------------
     0 | D:1      | HoaS the Gargoyle Gladiator began the quest for the Orb.
     0 | D:1      | Reached XP level 1. HP: 12/12 MP: 1/1
    79 | D:1      | Reached XP level 2. HP: 16/18 MP: 2/2
   318 | D:1      | Reached XP level 3. HP: 19/22 MP: 3/3
   568 | D:1      | Reached skill level 4 in Unarmed Combat
   882 | D:2      | Reached XP level 4. HP: 28/28 MP: 4/4
   958 | D:2      | Found a radiant altar of Vehumet.
  1229 | D:3      | Noticed Ijyb
  1230 | D:3      | Paralysed by Ijyb for 5 turns
  1245 | D:3      | Paralysed by Ijyb for 4 turns
  1278 | D:3      | Killed Ijyb
  1278 | D:3      | Reached XP level 5. HP: 33/33 MP: 5/5
  1311 | D:3      | Reached skill level 5 in Unarmed Combat
  1447 | D:3      | Found a shattered altar of Ashenzari.
  1532 | D:3      | Found a burning altar of Makhleb.
  1576 | D:3      | Noticed Robin
  1611 | D:3      | Killed Robin
  1654 | D:3      | Became a worshipper of Makhleb the Destroyer
  1866 | D:3      | Reached XP level 6. HP: 29/38 MP: 6/6
  2194 | D:3      | Found a runed translucent door.
  2195 | D:3      | Noticed Crazy Yiuf
  2206 | D:3      | Killed Crazy Yiuf
  2360 | D:4      | Reached skill level 6 in Unarmed Combat
  2445 | D:4      | Reached * piety under Makhleb
  2679 | D:4      | Reached XP level 7. HP: 24/44 MP: 7/7
  2826 | D:4      | Found a shimmering blue altar of Sif Muna.
  3001 | D:4      | Reached skill level 5 in Fighting
  3032 | D:4      | Found a staircase to the Ecumenical Temple.
  3095 | D:4      | Reached skill level 7 in Unarmed Combat
  3544 | D:5      | Entered Level 5 of the Dungeon
  3771 | D:5      | Reached XP level 8. HP: 45/51 MP: 8/8
  3775 | D:5      | Reached skill level 8 in Unarmed Combat
  4797 | D:5      | Reached skill level 9 in Unarmed Combat
  4919 | D:6      | Found a glowing golden altar of the Shining One.
  5226 | D:6      | Reached ** piety under Makhleb
  5227 | D:6      | Reached XP level 9. HP: 27/57 MP: 9/9
  5944 | D:7      | Noticed Pikel
  5982 | D:7      | Killed Pikel
  5982 | D:7      | Reached skill level 10 in Unarmed Combat
  6675 | D:7      | HP: 2/59 [orc warrior/+0 flail (8)]
  6681 | D:7      | Mangled by an orc warrior

Illustrated notes

Levels and vault maps discovered:
D:1:      psy_arrival_basics, layout_basic
D:2:      layout_rooms, vehumet_crystals
D:3:      layout_loops_ring, old_standard_altar, marbit_many_paths, uniq_ijyb,
          uniq_crazy_yiuf_cottage, uniq_robin
D:4:      layout_basic, led_sif_book, minmay_temple_entry_gardened_gates,
          first_ration, wad_floor_pattern_2
D:5:      layout_cave_pods, minivault_23, serial_park_tiny_pond,
          columned_hall_lemuel, minmay_misc_feat_chi
D:6:      layout_layer_cave, tso_metal_star
D:7:      layout_basic, grunt_ogre_cave, minivault_4, uniq_pikel

Skill      XL: |  1  2  3  4  5  6  7  8  9 |
---------------+----------------------------+-----
Fighting       | 3 4 5 7 8 |  8.2
Unarmed Combat | 4 5 6 7 9 10 | 10.6
Throwing       | |  1.7
Dodging        | |  2.4

Action                   |  1- 3 |  4- 6 |  7- 9 || total
-------------------------+-------+-------+-------++-------
Melee: Unarmed           |   153 |   370 |   368 ||   891
       Punch             |       |     6 |    10 ||    16
Throw: Throwing net      |       |     1 |     2 ||     3
       Boomerang         |       |       |    10 ||    10
       Dart              |       |       |     4 ||     4
Evoke: Wand              |       |       |     1 ||     1
  Use: Scroll            |     3 |     8 |     2 ||    13
 Stab: Held in net/web   |       |     1 |       ||     1
  Eat: Ration            |       |     2 |     3 ||     5
Armor: Leather armour    |    22 |       |       ||    22
       Plate armour      |    89 |   259 |   340 ||   688
Dodge: Dodged            |    74 |    73 |   130 ||   277

Table legend:
 A = Non-vault XP
 B = Vault XP
 C = Vault XP percentage of total XP
 D = Non-vault monster count
 E = Vault monster count
 F = Vault count percentage of total count
                 A         B        C        D         E       F
            +---------+---------+-------+---------+---------+-------
      Total |    2765 |     781 |  22.0 |     147 |      17 |  10.4
            +---------+---------+-------+---------+---------+-------
        D:1 |      61 |       0 |   0.0 |      30 |       0 |   0.0
        D:2 |      91 |       0 |   0.0 |      18 |       0 |   0.0
        D:3 |     149 |     118 |  44.2 |      26 |      16 |  38.1
        D:4 |     501 |       0 |   0.0 |      28 |       0 |   0.0
        D:5 |    1010 |       0 |   0.0 |      18 |       0 |   0.0
        D:6 |     626 |       0 |   0.0 |      18 |       0 |   0.0
        D:7 |     327 |     663 |  67.0 |       9 |       1 |  10.0
            +---------+---------+-------+---------+---------+-------
